 Dungeon Crawl Stone Soup version 0.30-a0-924-g0ad0bf95bc (webtiles) character file.

Game seed: 6407735954888321079

42 tilp the Slasher (level 4, -1/40 HPs)
             Began as a Meteoran Fighter on Mar 22, 2023.
             Slain by a goblin
             ... wielding a +0 club
             ... led by Robin
              (5 damage)
             ... on level 2 of the Dungeon.
             The game lasted 00:00:49 (120 turns).

tilp the Slasher (Meteoran Fighter)                  Turns: 120, Time: 00:00:50

Health: -1/40      AC:  6    Str: 17    XL:     4   Next: 3%
Magic:  5/5        EV:  9    Int: 10    God:
Gold:   40         SH:  5    Dex: 15    Spells: 3/3 levels left

rFire   . . .      SeeInvis .    a - +0 long sword
rCold   . . .      Faith    .    c - +0 buckler
rNeg    . . .      Spirit   .    f - +0 scale mail
rPois   .          Reflect  .    (no helmet)
rElec   .          Rampage  .    (no cloak)
rCorr   .                        (no gloves)
Will    .....                    (no boots) Stlth
                                 (no amulet)
HPRegen 0.26/turn                (no ring)
MPRegen 0.09/turn                (no ring)

@: mighty, lethally poisoned (-1 -> -6), glowing
A: sense surroundings 1, otherworldly, glowing, explore regen
a: no special abilities


You were on level 2 of the Dungeon.
You visited 1 branch of the dungeon, and saw 2 of its levels.

You collected 40 gold pieces.

Inventory:

Hand Weapons
 a - a +0 long sword (weapon)
 b - a +2 whip of draining
Missiles
 g - a throwing net (quivered)
 h - 5 stones
Armour
 c - a +0 buckler (worn)
 f - a +0 scale mail (worn)
Scrolls
 e - a scroll of identify {unknown}
Potions
 i - a potion of curing {unknown}


   Skills:
 + Level 3.7 Fighting
 * Level 3.7 Long Blades
 - Level 3.6 Armour
 + Level 1.6 Dodging
 - Level 3.6 Shields


You had 3 spell levels left.
You didn't know any spells.
Your spell library was empty.

Dungeon Overview and Level Annotations

Branches:
Dungeon (2/15) Zot: 1068

Altars:

Annotations:
D:2 Robin


Innate Abilities, Weirdness & Mutations

You passively map a small area around you.
You are easily found by Zot.
You glow in the dark.
You regain HP and MP as you explore.


Message History

You hit the goblin.
The goblin is moderately wounded.
The adder bites you.
A rat comes into view.
The hobgoblin hits you but does no damage.
The goblin barely misses you.
A hobgoblin comes into view.
The adder barely misses you.
You hit the goblin.
The goblin is severely wounded.
The adder bites you.
* * * LOW HITPOINT WARNING * * *
The hobgoblin hits you.
* * * LOW HITPOINT WARNING * * *
The goblin barely misses you.
A goblin comes into view. It is wielding a +0 dagger.
You feel very mighty all of a sudden.
The goblin shouts!
The adder bites you but does no damage. The hobgoblin hits you.
* * * LOW HITPOINT WARNING * * *
The goblin hits you but does no damage. The adder bites you but does no damage.
Unknown command.
You barely miss the goblin.
The goblin is severely wounded.
You block the hobgoblin's attack. The goblin barely misses you.
The adder bites you but does no damage. You block the hobgoblin's attack.
Robin roars a battlecry!
The goblins go into a battle-frenzy!
The goblin hits you with a +0 club.
* * * LOW HITPOINT WARNING * * *
You barely miss the goblin.
The goblin is severely wounded.
The adder bites you.
* * * LOW HITPOINT WARNING * * *
The adder bites you.
* * * LOW HITPOINT WARNING * * *
You are lethally poisoned!
The adder poisons you! The hobgoblin closely misses you.
The goblin hits you with a +0 club.
You die...

* , ,....#####^$..
#..........( * *
#.###..##....... ** ,
.......)....... ,,*
###.#..#.##* , ######
#.).......## , #,*
.....###)#....##... ,
##.######..............#
,.#..gggg@g....<..........
....gggS######...........
......gg.# #........... ,
......rg.# #...........
.........# #...........
.........# ###.........
.........# #.....†... ,
.........# #......... ,
........## ##########


You could see Robin, an adder, 3 hobgoblins, 7 goblins and a rat.

Vanquished Creatures
  Jessica (D:2)
  4 orcs (D:2)
  A hobgoblin (D:2)
  3 jackals (D:2)
  2 kobolds (D:2)
11 creatures vanquished.

Notes
Turn   | Place    | Note
-------+----------+-------------------------------------------
     0 | D:1      | tilp the Meteoran Fighter began the quest for the Orb.
     0 | D:1      | Reached XP level 1. HP: 19/19 MP: 2/2
    71 | D:2      | Reached XP level 2. HP: 20/26 MP: 3/3
    80 | D:2      | Reached skill level 1 in Dodging
    84 | D:2      | Noticed Jessica
   102 | D:2      | Killed Jessica
   103 | D:2      | Reached XP level 3. HP: 8/33 MP: 4/4
   103 | D:2      | Reached XP level 4. HP: 10/40 MP: 5/5
   112 | D:2      | Noticed Robin
   120 | D:2      | Slain by a goblin

Illustrated notes

Levels and vault maps discovered:
D:1:      matt_arrival_diagonals, layout_loops_ring, dreamdust_wishing_well,
          minmay_stone_trees_small, minmay_hedge_maze
D:2:      layout_rooms, basic_altar, uniq_jessica, uniq_sigmund, uniq_robin

Skill      XL: |  1  2 |
---------------+-------+-----
Long Blades    | 3 |  3.7
Dodging        | 1 |  1.6
Fighting       | |  3.7
Armour         | |  3.6
Shields        | |  3.6

Action                     |  1- 3 |  4- 6 || total
---------------------------+-------+-------++-------
  Melee: Long sword        |    31 |     5 ||    36
    Use: Potion            |       |     1 ||     1
 Armour: Scale mail        |    18 |     5 ||    23
  Dodge: Dodged            |     7 |     6 ||    13
  Block: Buckler           |     3 |     2 ||     5

Table legend: (Time is in decaauts)
 A = Elapsed time spent in this place.
 B = Non-inter-level travel time spent in this place.
 C = Inter-level travel time spent in this place.
 D = Time resting spent in this place.
 E = Time spent auto-exploring this place.
 F = Levels seen in this place.
 G = Mean time per level.
                   A        B        C        D        E       F      G
               +--------+--------+--------+--------+--------+-----+--------+
         Total |    129 |    129 |      0 |      4 |      0 |   2 |   64.5 |
       Dungeon |    129 |    129 |      0 |      4 |      0 |   2 |   64.5 |
               +--------+--------+--------+--------+--------+-----+--------+

Top non-repeatable levels by time:
     D:2: 104 daAuts
     D:1: 25 daAuts
